 Dungeon Crawl Stone Soup version 0.22.1-2-g9c5b331383 (webtiles) character file.

446 Cykl0x the Shield-Bearer (level 7, -6/43 HPs)
             Began as a Gargoyle Fighter on Dec 13, 2018.
             Was an Initiate of Okawaru.
             Killed by divine providence
             ... invoked by an orc priest
              (12 damage)
             ... on level 4 of the Dungeon.
             The game lasted 00:10:36 (3132 turns).

Cykl0x the Shield-Bearer (Gargoyle Fighter)         Turns: 3132, Time: 00:10:39

Health: -6/43      AC: 15    Str: 26    XL:     7   Next: 3%
Magic:  7/7        EV:  9    Int:  8    God:    Okawaru [......]
Gold:   89         SH: 11    Dex: 10    Spells: 6/6 levels left

rFire    . . .     SeeInvis +   a - +1 war axe
rCold    . . .     Gourm    +   c - +1 shield
rNeg     + . .     Faith    .   i - +0 chain mail
rPois    ∞         Spirit   .   n - +0 helmet
rElec    +         Reflect  .   (no cloak)
rCorr    .         Harm     .   (no gloves)
MR       .....                  (no boots)
Stlth    ..........             g - amulet of the gourmand
HPRegen  0.14/turn              j - +3 ring of evasion
MPRegen  0.10/turn              s - ring of see invisible

@: mighty
A: negative energy resistance 1, electricity resistance, unbreathing,
petrification resistance, rot immunity, AC +4
a: Renounce Religion


You were on level 4 of the Dungeon.
You worshipped Okawaru.
Okawaru was noncommittal.
You were full.

You visited 2 branches of the dungeon, and saw 5 of its levels.

You collected 89 gold pieces.

Inventory:

Hand Weapons
 a - a +1 war axe (weapon)
Missiles
 r - 69 stones (quivered)
Armour
 b - a +0 scale mail
 c - a +1 shield (worn)
 i - a +0 chain mail (worn)
 n - a +0 helmet (worn)
Jewellery
 g - an amulet of the gourmand (around neck)
 j - a +3 ring of evasion (left hand)
 l - an uncursed ring of protection from cold
 m - an uncursed ring of protection from cold
 o - an uncursed ring of protection from cold
 p - an uncursed ring of stealth
 s - a ring of see invisible (right hand)
Wands
 u - a wand of acid (6)
 v - a wand of clouds (4)
Scrolls
 e - 4 scrolls of remove curse
Potions
 k - a potion of brilliance
 q - a potion of lignification {unknown}
 t - 2 potions of heal wounds {unknown}
 w - a potion of haste {unknown}
Comestibles
 f - 8 rations


   Skills:
 + Level 4.3 Fighting
 + Level 4.4 Axes
 + Level 4.6 Armour
 + Level 1.0 Dodging
 + Level 0.1 Stealth
 + Level 4.7 Shields


You had 6 spell levels left.
You didn't know any spells.
Your spell library was empty.

Dungeon Overview and Level Annotations

Branches:
Dungeon (4/15)             Temple (1/1) D:4

Altars:
Ashenzari
Cheibriados
Dithmenos
Elyvilon
Gozag
Hepliaklqana
Kikubaaqudgha
Makhleb
Nemelex Xobeh
Okawaru
Qazlal
Ru
Sif Muna
Trog
Uskayaw
Vehumet
Wu Jian
Xom
Yredelemnul
Zin
The Shining One

Annotations:
D:4 Sigmund


Innate Abilities, Weirdness & Mutations

You are resistant to torment.
Your stone body is resilient. (AC +4)
You are immune to poison.
You resist negative energy. (rN+)
You are resistant to electric shocks. (rElec)
You can survive without breathing.
You are immune to petrification.
You are immune to rotting.


Message History

You block the orc's attack.
You closely miss the orc priest. You closely miss the orc.
You block the orc priest's attack. The orc hits you but does no damage.
Sigmund hits you from afar with a scythe.
* * * LOW HITPOINT WARNING * * *
You block the orc priest's attack.
You slash the orc priest!
The orc priest is almost dead.
You slash the orc!
You kill the orc!
Okawaru accepts your kill. You block Sigmund's attack.
You block the orc priest's attack.
You completely miss the orc priest.
The orc priest is almost dead.
You slash the orc!
You kill the orc!
Okawaru accepts your kill.
The orc priest invokes the aid of Beogh against you.
Beogh smites you!
You die...

##......####......#
#.........#......÷# #
#................##
#.#..................
##.##.................
#...#.................
#...#...............
#...#.#.......##..
#@#####.......###.
.....@)o# ##.......#
## .........
#........# ..........
#........#
.....[.##..#.......##
......# #.........#
....## ##........#
...# ##.......#
##......#


You could see Sigmund (invisible) and an orc priest.

Vanquished Creatures
  Menkaure (D:4)
  Blork the orc (D:4)
  A scorpion (D:4)
  An orc wizard (D:4)
  Robin (D:2)
  2 gnolls (D:3)
  4 adders
  2 oozes
  2 worms (D:2)
  2 dart slugs (D:2)
  4 leopard geckos
  6 orcs
  8 bats
  A giant cockroach (D:2)
  13 goblins
  9 hobgoblins
  4 jackals (D:1)
  6 quokkas
  4 frilled lizards
  6 kobolds
  6 rats
  A plant (D:3)
85 creatures vanquished.

Notes
Turn   | Place    | Note
-------+----------+-------------------------------------------
     0 | D:1      | Cykl0x the Gargoyle Fighter began the quest for the Orb.
     0 | D:1      | Reached XP level 1. HP: 14/14 MP: 1/1
   137 | D:1      | Reached XP level 2. HP: 19/19 MP: 2/2
   192 | D:1      | Reached XP level 3. HP: 16/24 MP: 3/3
   655 | D:2      | Noticed Robin
   696 | D:2      | Killed Robin
   696 | D:2      | Reached XP level 4. HP: 18/29 MP: 4/4
  1480 | D:3      | Reached XP level 5. HP: 33/33 MP: 5/5
  2567 | D:4      | Found a staircase to the Ecumenical Temple.
  2579 | Temple   | Entered the Ecumenical Temple
  2689 | Temple   | Became a worshipper of Warmaster Okawaru
  2738 | D:4      | Noticed Blork the orc
  2746 | D:4      | Reached skill level 1 in Dodging
  2748 | D:4      | Killed Blork the orc
  2857 | D:4      | Reached XP level 6. HP: 14/38 MP: 6/6
  3073 | D:4      | Noticed Menkaure
  3080 | D:4      | Killed Menkaure
  3120 | D:4      | Noticed Sigmund
  3126 | D:4      | Reached XP level 7. HP: 5/43 MP: 7/7
  3132 | D:4      | Killed from afar by an orc priest

Skill      XL: |  1  2  3  4  5  6 |
---------------+-------------------+-----
Axes           | 2 3 4 |  4.4
Shields        | 4 |  4.7
Armour         | 4 |  4.6
Dodging        | 1 |  1.0
Fighting       | 4 |  4.3
Stealth        | |  0.1

Action                   |  1- 3 |  4- 6 |  7- 9 || total
-------------------------+-------+-------+-------++-------
Melee: War axe           |   103 |   177 |     5 ||   285
  Use: Scroll            |     1 |     8 |       ||     9
       Potion            |       |     1 |     1 ||     2
  Eat: Chunk             |       |    15 |       ||    15
Armor: Chain mail        |    98 |    80 |     3 ||   181
       Scale mail        |     2 |       |       ||     2
Dodge: Dodged            |    67 |    53 |     3 ||   123
Block: Shield            |    98 |    91 |     7 ||   196
